[Event "Late-Titled-Tuesday-Blitz-November-28-2023"]
[Site "Chess.com"]
[Date "2023.11.28"]
[Round "6"]
[White "Ali_rastbod"]
[Black "Jospem"]
[Result "0-1"]
[WhiteElo "2784"]
[BlackElo "3057"]
[TimeControl "180+1"]
[EndTime "15:05:37 PST"]
[Termination "Jospem won by checkmate"]

1. c4 c5 2. g3 Nc6 3. Bg2 g6 4. Nc3 Bg7 5. a3 d6 6. Rb1 e6 7.
b4 Nge7 8. Nf3 O-O 9. O-O Rb8 10. e3 e5 11. d3 h6 12. Nd2 b6 13. Nd5 Bf5 14. Qe2 Kh8 15. b5 Nxd5 16. cxd5 Na5 17. e4 Bd7 18. Nc4 Nxc4 19. dxc4 f5 20. exf5 gxf5 21.
f4 e4 22. Bb2 Qe7 23. Kh1 Kh7 24. a4 Bxb2 25. Rxb2 Qf6 26. a5 Be8 27. axb6 axb6 28.
Ra2 Rb7 29. Ra8 Bg6 30. Rfa1 Rfb8 31. h3 h5 32. Kh2 Rxa8 33. Rxa8 h4 34. g4 Re7 35. g5 Qf7 36. Qf2 Kg7 37. Qxh4 Re8 38. Qh6+ Kg8 39. Ra7 Qxa7 40. Qxg6+ Kf8 41. Qxf5+ Kg8 42.
Qg6+ Kf8 43. Qxd6+ Qe7 44. Qh6+ Qg7 45. Qd6+ Kg8 46. Kg3 e3 47. Qc6 Qf7 48. d6 e2 49.
Bd5 e1=Q+ 50. Kg4 Qe2+ 51. Kg3 Qe3+ 52. Kg2 Qd2+ 53. Kh1 Re1# 0-1

[Event "Late-Titled-Tuesday-Blitz-November-28-2023"]
[Site "Chess.com"]
[Date "2023.11.28"]
[Round "6"]
[White "Hasangatin_Ramil"]
[Black "BogdanDeac"]
[Result "1/2-1/2"]
[WhiteElo "2708"]
[BlackElo "2989"]
[TimeControl "180+1"]
[EndTime "15:05:38 PST"]
[Termination "Game drawn by repetition"]

1. e4 c6 2. d4 d5 3. Nd2 Qc7 4. Ngf3 Bg4 5. c3 e6 6. Bd3 Nf6 7. h3 Bh5 8. Qe2 Be7 9. O-O a5 10.
a4 Nbd7 11. Re1 dxe4 12. Nxe4 Nd5 13. Ng3 Bg6 14. Bxg6 hxg6 15. Bg5 Bxg5 16. Nxg5 N7f6 17. N3e4 O-O 18. Qf3 Qf4 19. Qxf4 Nxf4 20. Nd6 Rab8 21. Nc4 b6 22. Nf3 Rfc8 23. Nfe5 Rc7 24. Rad1 N4d5 25. g3 Ra8 26. Ra1 Nd7 27. h4 N7f6 28. Kg2 Kf8 29. Nd6 Ne8 30. Ndc4 Rd8 31. Nd3 Nd6 32. Nxd6 Rxd6 33.
Ne5 Ke7 34. Kf3 c5 35. Nc4 Rd8 36. Rad1 cxd4 37. Rxd4 Nxc3 38. Rxd8 Kxd8 39. Nxb6 Rc6 40.
bxc3 Rxb6 41. Re5 Rc6 42. Rxa5 Rxc3+ 43. Ke2 Ra3 44. Ra7 Ke8 45. a5 e5 46. a6 e4 47. g4 f5 48. h5 gxh5 49. gxf5 Kf8 50.
Ra8+ Kf7 51. a7 h4 52. f6 h3 53. Rh8 Rxa7 54. fxg7 Kxg7 55. Rxh3 Kf6 56. Rh5 Ra3 57. Rb5 Rf3 58. Rc5 Ra3 59. Rb5 Rf3 60. Rc5 Ra3 61. Rb5 1/2-1/2

[Event "Late-Titled-Tuesday-Blitz-November-28-2023"]
[Site "Chess.com"]
[Date "2023.11.28"]
[Round "6"]
[White "Mariia89"]
[Black "Schwindle"]
[Result "0-1"]
[WhiteElo "2154"]
[BlackElo "2369"]
[TimeControl "180+1"]
[EndTime "15:05:39 PST"]
[Termination "Schwindle won on time"]

1. d4 Nf6 2. Nf3 e6 3. Bg5 d5 4. e3 Be7 5. Nbd2 O-O 6. Bd3 Nbd7 7. c3 b6 8. Ne5 Nxe5 9. dxe5 Nd7 10. Bf4 Nc5 11. Bc2 Ba6 12. Nf3 Ne4 13. h4 c5 14.
h5 h6 15. Nd2 Nxd2 16. Qxd2 f6 17. exf6 Bxf6 18. O-O-O d4 19. exd4 cxd4 20. cxd4 Rc8 21. Kb1 Be7 22. Rh3 Qd7 23. Be5 Bg5 24. f4 Bf6 25. Rg3 Bxe5 26. fxe5 Kh8 27. Rg6 Rxc2 28.
Qxc2 Rc8 29. Qd2 Bb7 30. Re1 Qf7 31. Ka1 Bd5 32. Rc1 Rf8 33. Re1 Rc8 34. a3 Qf5 35.
Rc1 Rxc1+ 36. Qxc1 Qxh5 37. Rg3 Qf5 38. Rc3 Kh7 39.
Qc2 Be4 40. Qc1 a5 41. a4 Qf8 42. Ra3 Qb4 43. Qe3 Bg6 44. g4 Qc4 45. g5 h5 46.
Qe1 Qxd4 47. Qc1 Qxe5 48. Rc3 Qe4 49. b3 Qf5 50. Kb2 h4 51. Re3 Qf2+ 0-1

[Event "Late-Titled-Tuesday-Blitz-November-28-2023"]
[Site "Chess.com"]
[Date "2023.11.28"]
[Round "6"]
[White "vi_pranav"]
[Black "Byniolus"]
[Result "1-0"]
[WhiteElo "3055"]
[BlackElo "2783"]
[TimeControl "180+1"]
[EndTime "15:05:44 PST"]
[Termination "vi_pranav won on time"]

1. e4 d6 2. d4 Nf6 3. Nc3 c6 4.
Nf3 Bg4 5. Bc4 e6 6. h3 Bh5 7. O-O Be7 8. Re1 O-O 9. Bd3 d5 10. e5 Nfd7 11. Ne2 Bxf3 12. gxf3 c5 13. c3 Nc6 14. f4 cxd4 15. cxd4 f5 16. Be3 Rc8 17.
Kh2 g6 18. Rg1 Kf7 19. Nc3 Nb6 20. Rc1 a6 21. Qe2 Rg8 22. Rcd1 Nb4 23. Bb1 Nc4 24. a3 Nc6 25. Bd3 b5 26. Rc1 Qd7 27. Rgd1 Rc7 28. Bb1 Rgc8 29. Ba2 Bf8 30. h4 Qd8 31. Kg3 h5 32.
Rh1 Rb7 33. Rcg1 Ne7 34. Nb1 Ng8 35. Bc1 Nh6 36. f3 Ng8 37. Kh3 Ne7 38. Rg2 Rbc7 39. Bxc4 Rxc4 40. Be3 a5 41. Rhg1 b4 42. axb4 axb4 43.
Nd2 Rc2 44. Qd1 Qc7 45. Nb3 Qc4 46. Nc5 Rxg2 47. Rxg2 Nc6 48. b3 Qb5 49. Qg1 Bxc5 50. Rxg6 Bf8 51. Rf6+ Ke7 52. Qg8 Qf1+ 53. Kg3 Qe1+ 54.
Bf2 Qd1 55. Rf7+ 1-0

[Event "Late-Titled-Tuesday-Blitz-November-28-2023"]
[Site "Chess.com"]
[Date "2023.11.28"]
[Round "6"]
[White "Hypercar"]
[Black "1800_strength"]
[Result "0-1"]
[WhiteElo "2521"]
[BlackElo "2795"]
[TimeControl "180+1"]
[EndTime "15:05:44 PST"]
[Termination "1800_strength won on time"]

1. d4 Nf6 2. Nf3 c5 3. e3 g6 4.
Be2 Bg7 5. O-O O-O 6. b3 d5 7.
Bb2 Ne4 8. Nbd2 Nc6 9. c4 cxd4 10. Nxe4 dxe4 11. Nxd4 Ne5 12. Qc2 Nd3 13. Bxd3 exd3 14.
Qd2 e5 15. Nb5 Bf5 16. f3 e4 17. Bxg7 Kxg7 18. fxe4 Bxe4 19. Qc3+ Kg8 20. Rf4 f5 21. c5 Rc8 22. Qc4+ Kg7 23. Nd6 Qxd6 24. cxd6 Rxc4 25. bxc4 b6 26. Rf2 Rd8 27. Kf1 Rxd6 28. Ke1 Rc6 29. Rc1 Rc5 30. Kd2 Kf6 31. g4 Ke5 32. gxf5 Bxf5 33.
Kc3 Ke4 34. Re1 g5 35. h4 h6 36. hxg5 hxg5 37. Rg2 g4 38. Rf2 b5 39. Rf4+ Ke5 40.
Ref1 Be6 41. Kxd3 Bxc4+ 42. Kd2 Bxf1 43. Rxf1 Rc4 44. Rf8 Ra4 45. Re8+ Kd5 46. Kd3 Ra3+ 47. Kc2 Rxa2+ 48. Kc3 Ra3+ 49. Kb4 Ra4+ 50. Kxb5 Re4 51.
Rd8+ Ke6 52. Rg8 Kf5 53. Rf8+ Kg5 54. Rg8+ Kh4 55. Rg7 Rxe3 56. Rh7+ Kg3 57. Rxa7 Rf3 58. Kc4 Kf2 59. Kd4 g3 60. Ra2+ Kg1 61. Ke4 Rf1 62. Ra3 g2 63. Ke3 Rf7 64. Ra4 Kh2 65. Ra2 Kh1 66.
Ra1+ g1=Q+ 67. Rxg1+ Kxg1 0-1

[Event "Late-Titled-Tuesday-Blitz-November-28-2023"]
[Site "Chess.com"]
[Date "2023.11.28"]
[Round "6"]
[White "HajiyevKanan"]
[Black "LaGuayabaAlbizuista"]
[Result "1-0"]
[WhiteElo "2488"]
[BlackElo "1994"]
[TimeControl "180+1"]
[EndTime "15:05:45 PST"]
[Termination "HajiyevKanan won on time"]

1. d4 e6 2. Nf3 d5 3. c4 c6 4.
cxd5 exd5 5. Nc3 Nf6 6. Bg5 Bg4 7. Ne5 Bh5 8. Qb3 Qb6 9. Bxf6 Qxb3 10. axb3 gxf6 11. Nd3 Nd7 12. h4 Bd6 13. e3 f5 14.
Be2 Bxe2 15. Nxe2 Nf6 16. Nef4 Rg8 17. g3 Ng4 18. Nh5 Ke7 19. Ke2 a6 20. Kf3 Nf6 21. Nxf6 Kxf6 22. b4 Rge8 23. Nc5 Bxc5 24. bxc5 Re7 25. h5 h6 26. Rh4 Kg5 27. Rah1 Re4 28. Rf4 Rae8 29. b4 R8e7 30. Rhh4 R7e6 31. Rh2 Re7 32. Rh1 R7e6 33. Rc1 Re7 34. Ra1 R7e6 35. Rh1 Re7 36. Rxe4 fxe4+ 37. Kg2 f5 38. Rh4 Rf7 39. Kh3 Rf6 40. Kh2 Rf7 41. Kg2 Rf6 42. f4+ exf3+ 43.
Kxf3 Re6 44. Rh2 Re4 45. Rh1 Rg4 46. Rh2 Re4 47. Rh1 Rg4 48. b5 cxb5 49. c6 bxc6 50.
Ra1 Kxh5 51. Rxa6 Rg6 52. Ra8 Kg5 53. Rc8 h5 54. Rh8 Rh6 55. Rg8+ Rg6 56. Rc8 Rh6 57. Rc7 Rg6 58. Rc8 Rh6 59. Rb8 Rg6 60. Rf8 Rh6 61. Rf7 Rg6 62. Re7 Rh6 63. Rb7 Rg6 64. Ra7 h4 65.
gxh4+ Kxh4 66. Kf4 Rg4+ 67. Kxf5 Re4 68. Rc7 Rxe3 69.
Rxc6 Re4 70. Rc5 Rxd4 71. Rxb5 Rd1 72. Kf4 Rf1+ 73. Ke5 1-0

[Event "Late-Titled-Tuesday-Blitz-November-28-2023"]
[Site "Chess.com"]
[Date "2023.11.28"]
[Round "6"]
[White "IMRosen"]
[Black "jcibarra"]
[Result "1-0"]
[WhiteElo "2713"]
[BlackElo "2879"]
[TimeControl "180+1"]
[EndTime "15:05:47 PST"]
[Termination "IMRosen won on time"]

1. e4 c5 2. Nc3 a6 3. g3 b5 4. Bg2 Bb7 5. d3 e6 6. f4 d5 7. f5 d4 8. fxe6 fxe6 9. Qh5+ g6 10. Qe5 Qf6 11. Qc7 Qe7 12. Qxe7+ Nxe7 13. Nce2 e5 14. Nf3 Nbc6 15. Ng5 Bc8 16. O-O Bg4 17. Bf3 Bd7 18. Bg2 Nd8 19. Bd2 h6 20. Nf3 Bg7 21.
c3 dxc3 22. Bxc3 Ndc6 23. a3 a5 24. b3 O-O 25. a4 b4 26. Bb2 Be6 27. Nd2 Rfd8 28.
Rf3 Bg4 29. Re3 h5 30. Bf3 Bh6 31. Kf2 Bxe3+ 32. Kxe3 Nd4 33. Nxd4 cxd4+ 34. Kf2 Rf8 35. Ke2 Bxf3+ 36. Nxf3 Rac8 37. Nd2 Rc2 38. Rb1 Nc8 39. Kd1 Rc7 40. Nc4 Rf1+ 41. Kc2 Rf2+ 42. Kd1 Rcf7 43. Rc1 Rxh2 44. Nd2 Ne7 45. Rc8+ Kg7 46. Rc5 Rff2 47. Bc1 Kf6 48. Rxa5 Rfg2 49. Ra6+ Kf7 50. a5 Rxg3 51.
Rb6 Rg1+ 52. Kc2 Rhh1 53. Bb2 Rg2 54. a6 Nc8 55. Rb7+ Ke6 56. Rc7 Nb6 57. Rc6+ Kd7 58. Rxb6 Rf2 59. a7 Rhh2 60. Bc1 Rf8 61. Rb8 Rhf2 62. a8=Q R2f7 63. Rxf8 1-0

[Event "Late-Titled-Tuesday-Blitz-November-28-2023"]
[Site "Chess.com"]
[Date "2023.11.28"]
[Round "6"]
[White "Aradhya2000"]
[Black "NigelDwarf"]
[Result "1-0"]
[WhiteElo "2728"]
[BlackElo "2560"]
[TimeControl "180+1"]
[EndTime "15:05:47 PST"]
[Termination "Aradhya2000 won by resignation"]

1. d4 Nf6 2. c4 g6 3. g3 Bg7 4. Bg2 O-O 5. Nc3 Nc6 6. Bf4 d6 7. Nf3 Bg4 8. O-O Re8 9. d5 Na5 10. b3 c5 11. Bd2 a6 12. Qc1 b5 13. cxb5 axb5 14. Nxb5 Nxd5 15. Nc3 Nc7 16. Rb1 Qd7 17. Bh6 Bh8 18. Rd1 Bh3 19. Bh1 Nc6 20. Be3 Ne6 21. a3 Rab8 22. Ne4 Ncd4 23. Nxd4 Nxd4 24. Bxd4 cxd4 25. Qh6 Bg7 26. Qf4 Bf5 27. e3 d5 28.
Nc5 Qa7 29. Rbc1 dxe3 30. Qxe3 d4 31. Qd2 Qxa3 32. Be4 Bxe4 33. Nxe4 Qxb3 34. Rc7 Qd5 35. Re1 d3 36. Rc5 Qd4 37. Rc3 Red8 38. Re3 f5 39. Rexd3 Rb1+ 40. Kg2 Qxe4+ 41. f3 Rxd3 42. Rxd3 Qb4 43.
Rd8+ Bf8 44. Qd5+ Kg7 45. Qe5+ Kf7 46. Qd5+ e6 47. Qd7+ Qe7 48. Qc8 Rb2+ 49. Kh3 Rb7 50. Rxf8+ Qxf8 51. Qxb7+ Qe7 52. Qc8 Kg7 53. f4 g5 54.
fxg5 Kg6 55. Qg8+ Qg7 56. Qxe6+ Kh5 57. Qxf5 Qxg5 58. Qxh7+ Qh6 59. g4+ 1-0

[Event "Late-Titled-Tuesday-Blitz-November-28-2023"]
[Site "Chess.com"]
[Date "2023.11.28"]
[Round "6"]
[White "whitemirrorninja"]
[Black "Zampronha1971"]
[Result "0-1"]
[WhiteElo "2527"]
[BlackElo "2396"]
[TimeControl "180+1"]
[EndTime "15:05:48 PST"]
[Termination "Zampronha1971 won by checkmate"]

1. e4 c5 2. Nf3 e6 3. d4 cxd4 4. Nxd4 Nc6 5. c3 Nf6 6. Nxc6 bxc6 7. e5 Nd5 8. c4 Bb4+ 9. Bd2 Bxd2+ 10. Nxd2 Nf4 11. g3 Ng6 12. Nf3 Qc7 13. Qd6 Qa5+ 14. b4 Qa3 15. Bd3 Qc3+ 16. Ke2 f6 17. Rhc1 Qb2+ 18.
Kf1 Nxe5 19. Rab1 Qxa2 20. Nxe5 fxe5 21. Qxe5 O-O 22. Rb2 Qa3 23. Rd1 a5 24. Qh5 h6 25.
Re2 Qb3 26. Re4 Qb2 27. Re2 Qf6 28. Kg2 d5 29. c5 axb4 30. Rdd2 Ba6 31. Bxa6 Rxa6 32. h4 b3 33. Qg4 Ra5 34. Rxe6 Qf7 35. Rxc6 Ra2 36. Rxa2 bxa2 37. Qd4 Qxf2+ 38. Qxf2 Rxf2+ 39.
Kxf2 a1=Q 40. Rc8+ Kh7 41. c6 Qa2+ 42. Kf3 Qc4 43.
c7 d4 44. h5 Qc3+ 45. Ke4 d3 46. Rd8 d2 47. c8=Q Qxc8 48. Rxc8 d1=Q 49. Rf8 Qxh5 50. Kf4 Qg5+ 51. Kf3 Qg6 52. Rf4 Qd3+ 53. Kg4 Qd1+ 54. Kh3 Qd7+ 55. Kg2 Qe7 56. Rh4 g5 57. Rd4 Kg6 58. Rd3 Qe4+ 59. Rf3 g4 60. Kg1 gxf3 61. Kh2 Qe2+ 62. Kh3 Kg5 63. g4 Qg2# 0-1

[Event "Late-Titled-Tuesday-Blitz-November-28-2023"]
[Site "Chess.com"]
[Date "2023.11.28"]
[Round "6"]
[White "GMthekingindian"]
[Black "noblerone"]
[Result "0-1"]
[WhiteElo "2325"]
[BlackElo "2493"]
[TimeControl "180+1"]
[EndTime "15:05:48 PST"]
[Termination "noblerone won by resignation"]

1. e4 e6 2. Nf3 d5 3. Nc3 dxe4 4. Nxe4 Nd7 5. d4 Ngf6 6. Bd3 Nxe4 7. Bxe4 Nf6 8. Bd3 c5 9. Bg5 cxd4 10. O-O Bc5 11. Qe2 O-O 12. Rad1 Be7 13. c3 Qa5 14. cxd4 Re8 15.
a3 Bd7 16. Ne5 Bc6 17. Bxf6 Bxf6 18. Nxc6 bxc6 19. Qe4 g6 20. Qxc6 Bxd4 21. Bxg6 Bxf2+ 22. Rxf2 hxg6 23. Rdf1 Rf8 24. Rxf7 Rxf7 25. Qxa8+ Kg7 26. Rxf7+ Kxf7 27. Qf3+ Kg8 28. Qe4 Qc5+ 29. Kf1 Qc1+ 30. Kf2 Qxb2+ 31. Kf1 Qc1+ 32. Kf2 Kf7 33. Qb7+ Kf6 34.
Qxa7 Qd2+ 35. Kf3 Qd5+ 36. Kg3 Qg5+ 37. Kf2 Qh4+ 38. Kf3 Qh5+ 39. g4 Qh3+ 40. Kf4 Qxh2+ 41. Ke4 Qg2+ 42. Kd3 Qf3+ 43. Kc2 Qxg4 44. a4 Qc4+ 45. Kb2 g5 46. a5 Qb4+ 47. Kc2 Qc4+ 48. Kb2 g4 49. a6 Qb4+ 50. Kc2 Qc4+ 51. Kb2 g3 52. Qb7 Qe2+ 53. Kb3 g2 54. Qb6 Qf3+ 55. Kb4 Qe4+ 56. Ka5 Qd5+ 57. Ka4 Qa2+ 58. Kb5 Qb2+ 59. Kc6 Qxb6+ 60. Kxb6 g1=Q+ 61. Kb7 Qb1+ 62. Ka8 Qa2 63. a7 Qxa7+ 64. Kxa7 e5 0-1

[Event "Late-Titled-Tuesday-Blitz-November-28-2023"]
[Site "Chess.com"]
[Date "2023.11.28"]
[Round "6"]
[White "sansanathalia"]
[Black "inagreV"]
[Result "1-0"]
[WhiteElo "2228"]
[BlackElo "2431"]
[TimeControl "180+1"]
[EndTime "15:05:48 PST"]
[Termination "sansanathalia won by checkmate"]

1. d4 Nf6 2. Bg5 d5 3. Bxf6 exf6 4. Nf3 c6 5. e3 Bd6 6. Bd3 Qe7 7. c3 f5 8. O-O g6 9. Nbd2 Nd7 10. c4 Nf6 11. cxd5 cxd5 12. Qb3 O-O 13. Rac1 Be6 14. h3 Ne4 15.
Qd1 Rfc8 16. Qe2 Qd8 17. Nb3 Qb6 18. Nfd2 a5 19. Rxc8+ Rxc8 20. Bxe4 fxe4 21. Nb1 a4 22.
Na1 Bd7 23. Qd2 Bb4 24. Nc3 a3 25. Nxd5 Bxd2 26. Nxb6 axb2 27. Nb3 Rc1 28. Nxd2 Rxf1+ 29. Kxf1 Bb5+ 30. Ke1 Bd3 31. Nd5 Kg7 32. Nc3 Kf6 33. Ncb1 Ke6 34. Kd1 Kd5 35. Na3 Kc6 36. f3 Kb6 37.
fxe4 f6 38. e5 Kc6 39. e6 Kd6 40. e4 Kxe6 41. d5+ Kd6 42. Nab1 Ke5 43. Nc3 Kd4 44. d6 Kxc3 45. d7 Bc2+ 46. Ke1 b1=Q+ 47. Nxb1+ Bxb1 48. d8=Q Bxa2 49. Qxf6+ Kd3 50. Qg7 Kxe4 51. Qxh7 Bf7 52.
Qxf7 Kd3 53. Qxg6+ Kc4 54. Qb6 Kd5 55. Qxb7+ Kd4 56.
h4 Ke3 57. h5 Kf4 58. h6 Kg5 59. h7 Kg4 60. h8=Q Kg3 61. Qbg7+ Kf4 62. Qhf8+ Ke3 63.
Qge7+ Kd4 64. Qfd8+ Kc4 65. Qec7+ Kb5 66. Qdb8+ Ka6 67.
Qca7# 1-0

[Event "Late-Titled-Tuesday-Blitz-November-28-2023"]
[Site "Chess.com"]
[Date "2023.11.28"]
[Round "6"]
[White "Goryachkina"]
[Black "JSPrepz"]
[Result "0-1"]
[WhiteElo "2655"]
[BlackElo "2868"]
[TimeControl "180+1"]
[EndTime "15:05:50 PST"]
[Termination "JSPrepz won by checkmate"]

1. e4 e5 2. Nf3 Nc6 3. Nc3 Nf6 4.
d4 Bb4 5. Nxe5 Nxe4 6. Qg4 Nxc3 7. Qxg7 Rf8 8. a3 Nxd4 9. axb4 Nxc2+ 10. Kd2 Nxa1 11.
Kxc3 a5 12. b5 Qe7 13. Bh6 Qb4+ 14. Kd3 d5 15. Qxf8+ Qxf8 16. Bxf8 Kxf8 17. Kc3 d4+ 18. Kxd4 Nb3+ 19. Kc3 Nc5 20. Bc4 f6 21. Nd3 Na4+ 22. Kb3 Nb6 23. Re1 a4+ 24. Kc3 a3 25. Bb3 axb2 26.
Nxb2 Bf5 27. Re3 Ra1 28. Rf3 Rc1+ 29. Kd2 Rc5 30. g4 Bxg4 31. Rxf6+ Ke7 32. Rf7+ Kd8 33.
Rxh7 Rxb5 34. Kc3 Rf5 35. Nd3 Rf3 36. Rh8+ Ke7 37. Kd4 Bf5 38. Nc5 Rxf2 39. h4 Nd7 40.
Nxb7 Rb2 41. Kc3 Rh2 42. Na5 Kd6 43. Nc4+ Kc5 44. Ne3 Rh3 45. Kd2 Be4 46. Rh5+ Kd4 47. Nc2+ Bxc2 48. Kxc2 Rh2+ 49. Kd1 Ne5 50. Ke1 c5 51.
Rf5 Rxh4 52. Kd2 Rh2+ 53. Ke1 Nd3+ 54. Kf1 Ke3 55. Kg1 Rb2 56. Bc4 Ne1 57. Rxc5 Nf3+ 58. Kf1 Rf2# 0-1

[Event "Late-Titled-Tuesday-Blitz-November-28-2023"]
[Site "Chess.com"]
[Date "2023.11.28"]
[Round "6"]
[White "TRadjabov"]
[Black "Hrant_ChessMood"]
[Result "1-0"]
[WhiteElo "3015"]
[BlackElo "2935"]
[TimeControl "180+1"]
[EndTime "15:05:55 PST"]
[Termination "TRadjabov won on time"]

1. c4 e6 2. Nc3 d5 3. d4 Be7 4. cxd5 exd5 5. Bf4 Nf6 6. e3 O-O 7.
Bd3 Bg4 8. Nge2 c5 9. dxc5 Bxc5 10. O-O Nc6 11. h3 Bxe2 12. Nxe2 Qe7 13. a3 Rad8 14. b4 Bd6 15. Bxd6 Qxd6 16. Qa4 d4 17. Rad1 g6 18. b5 Ne5 19. Nxd4 Nd5 20. Qb3 Qc5 21. Rc1 Qb6 22. Rfd1 Rd6 23. Bf1 Rfd8 24. Rc2 Nf6 25. Rdc1 Kg7 26.
Qb4 Nd5 27. Qb2 Nf6 28. Nf5+ gxf5 29. Qxe5 Rd5 30. Qg3+ Kf8 31. Qh4 Rd1 32. Qh6+ Ke7 33. Rc7+ R8d7 34. Rxd7+ Rxd7 35. Qf4 Qe6 36. Rc5 Rd5 37.
Bc4 Rd1+ 38. Kh2 Qd6 39. Re5+ Kd8 40. Rxf5 Qxf4+ 41. Rxf4 Ke7 42. g4 h6 43. h4 Nd5 44.
Re4+ Kf6 45. Bxd5 Rxd5 46. a4 h5 47. g5+ Kg6 48. Rf4 Rc5 49. Kg3 Rc1 50. Rd4 Ra1 51. Kf4 Ra2 52. f3 Ra3 53. e4 b6 54. Rc4 Kg7 55.
e5 Kg6 56. Ke4 Ra1 57. Rc6+ Kg7 58. f4 Rxa4+ 59. Kf5 Rb4 60. Rc7 Kg8 61. Rxa7 Kf8 62. Rb7 Ke8 63. Rxb6 Rb1 64. Rb8+ Ke7 65. b6 1-0

[Event "Late-Titled-Tuesday-Blitz-November-28-2023"]
[Site "Chess.com"]
[Date "2023.11.28"]
[Round "6"]
[White "stasOR4ik"]
[Black "Hilary46"]
[Result "0-1"]
[WhiteElo "2482"]
[BlackElo "2633"]
[TimeControl "180+1"]
[EndTime "15:05:57 PST"]
[Termination "Hilary46 won by resignation"]

1. e4 e5 2. Nf3 Nc6 3. Bb5 a6 4. Ba4 Nf6 5. O-O Nxe4 6. Re1 Nc5 7. Bxc6 dxc6 8. Nxe5 Be7 9. d4 Ne6 10. c3 O-O 11. Nd2 c5 12. Ndf3 cxd4 13. Nxd4 Nxd4 14.
Qxd4 Qxd4 15. cxd4 Bf6 16. Be3 Be6 17. a3 Rad8 18. Rac1 c6 19. f4 h6 20. Kf2 Rfe8 21.
Red1 g6 22. Rd3 Bg7 23. h3 f6 24. Nf3 g5 25. g4 Rd7 26. Kg3 Bd5 27. h4 Rde7 28. Bf2 Re4 29. fxg5 fxg5 30. hxg5 Be6 31. Nh2 hxg5 32. Rc5 Bd5 33. Nf3 Bf6 34. Rc1 Kf7 35.
Re1 Rxe1 36. Nxe1 Bd8 37. Nf3 Bc7+ 38. Kg2 Kg6 39. Bg3 Bf4 40. Bxf4 gxf4 41. Kf2 Kf6 42. Ne5 Rh8 43. Rd1 Rh2+ 44. Ke1 Rxb2 45. Rd2 Rb3 46. Rd3 Rxd3 47. Nxd3 Kg5 48. Ne5 Be6 49. Kf2 Bxg4 50. Nf7+ Kf6 51. Nd6 b5 52. Ne4+ Ke6 53. Nc5+ Kd5 54.
Nxa6 Kxd4 55. Nb4 c5 56. Nc6+ Kc3 57. Ne7 Be6 58. Ng6 b4 59. Nxf4 Bc4 60. axb4 cxb4 61.
Ke3 b3 62. Ng2 b2 63. Ne1 b1=Q 64. Nf3 Qd3+ 65. Kf4 Bd5 66. Ng5 Qd4+ 67. Kf5 Bb7 68.
Ne6 Bc8 69. Kg5 Bxe6 70. Kh5 Ba2 71. Kg5 Kd3 0-1

[Event "Late-Titled-Tuesday-Blitz-November-28-2023"]
[Site "Chess.com"]
[Date "2023.11.28"]
[Round "6"]
[White "dropstoneDP"]
[Black "Alex_Sahakyan2006"]
[Result "0-1"]
[WhiteElo "2946"]
[BlackElo "2714"]
[TimeControl "180+1"]
[EndTime "15:06:04 PST"]
[Termination "Alex_Sahakyan2006 won on time"]

1. e4 c5 2. Nf3 d6 3. d4 cxd4 4. Nxd4 Nf6 5. Nc3 Bd7 6. Bd3 Nc6 7. Nxc6 Bxc6 8. O-O e6 9. Qe2 Be7 10. Nb5 e5 11. c4 O-O 12. Nc3 Nd7 13. Be3 Nc5 14.
Bc2 Ne6 15. Rad1 Bg5 16. Bxg5 Qxg5 17. Qe3 Qxe3 18. fxe3 Rfd8 19. Rd2 Kf8 20. b4 b6 21. Rfd1 Ke7 22. Nd5+ Bxd5 23. exd5 Nc7 24. Ba4 a5 25. Bc6 Ra7 26. Rb1 Na6 27. a3 axb4 28. axb4 Nc7 29. Kf2 Ra3 30. g4 Rc3 31. c5 dxc5 32. bxc5 Rxc5 33. Rxb6 Nxd5 34. Rb7+ Kf6 35. Bxd5 Rcxd5 36. Rxd5 Rxd5 37. Kf3 Ra5 38. h4 Ra6 39. Kg3 h6 40. Kf3 Kg6 41. Re7 Kf6 42. Rb7 g6 43. Rc7 h5 44. g5+ Ke6 45. Rb7 Ra4 46. Rb6+ Ke7 47. e4 Ra3+ 48. Kg2 Re3 49. Rb4 Kd6 50. Ra4 Kc5 51. Ra7 Rxe4 52. Kg3 Rg4+ 53. Kh3 Rf4 54.
Kg3 Kd4 55. Ra4+ Kd5 56. Ra5+ Ke6 57. Ra7 Rf5 58. Ra6+ Ke7 59. Ra7+ Kf8 60. Ra4 Rf4 61. Ra8+ Ke7 62. Ra7+ Ke6 63. Rb7 Rg4+ 64. Kh3 e4 65. Rb6+ Ke5 66. Rb5+ Kd4 67. Rb4+ Kc3 68. Rb7 e3 69. Rxf7 e2 70. Re7 Kd2 71. Rd7+ Ke3 72. Re7+ Re4 0-1

[Event "Late-Titled-Tuesday-Blitz-November-28-2023"]
[Site "Chess.com"]
[Date "2023.11.28"]
[Round "6"]
[White "Rodalquilar"]
[Black "joppie2"]
[Result "0-1"]
[WhiteElo "2745"]
[BlackElo "2997"]
[TimeControl "180+1"]
[EndTime "15:06:06 PST"]
[Termination "joppie2 won on time"]

1. d4 Nf6 2. Nf3 d5 3. Bf4 Bf5 4. e3 e6 5. Ne5 Nbd7 6. g4 Bg6 7. h4 h5 8. Nxg6 fxg6 9. Bd3 Kf7 10. gxh5 gxh5 11.
Nd2 Bd6 12. Qf3 e5 13. dxe5 Nxe5 14. Bxe5 Bxe5 15. O-O-O Qd6 16. Nc4 Qe7 17. Nxe5+ Qxe5 18. Rhg1 c6 19. Rg5 Qe7 20. Rdg1 Rag8 21. Qf4 Rh6 22.
Bg6+ Rxg6 23. Rxg6 Ke6 24. R1g5 Kf7 25. Rg3 Qe4 26.
Qc7+ Ke6 27. Qxb7 Kd6 28. a3 Qf5 29. Qb4+ Ke6 30. Rxg7 Re8 31. Qf4 Qxf4 32. exf4 Rf8 33. Re3+ Kf5 34. Ree7 Rd8 35. Rgf7 Rd6 36. Rxa7 Kg4 37. a4 Kxh4 38. Rg7 Ng4 39. a5 Nxf2 40. Rad7 Re6 41. Kd2 Ne4+ 42. Kd1 Nf2+ 43. Kc1 Ne4 44. a6 c5 45. a7 Ra6 46. b3 d4 47. Rg8 Nf6 48. Rb7 Nxg8 49. Rb8 Rxa7 50. Rxg8 Rf7 51. Rg5 Rxf4 52. Rxc5 Kg4 53. Rc8 h4 54. Rg8+ Kf3 55.
Rh8 Kg3 56. Kd2 h3 57. Rg8+ Rg4 58. Re8 h2 59. Re1 Kg2 60. Kd3 h1=Q 61. Rxh1 Kxh1 62. c3 dxc3 63. Kxc3 Kg2 64. b4 Kf3 65. b5 Re4 66. Kd3 Kf4 0-1

[Event "Late-Titled-Tuesday-Blitz-November-28-2023"]
[Site "Chess.com"]
[Date "2023.11.28"]
[Round "6"]
[White "Teidi96"]
[Black "Perecke"]
[Result "0-1"]
[WhiteElo "2285"]
[BlackElo "2503"]
[TimeControl "180+1"]
[EndTime "15:06:08 PST"]
[Termination "Perecke won by resignation"]

1. e4 c5 2. Nf3 e6 3. c3 d5 4. e5 d4 5. Bb5+ Bd7 6. Bxd7+ Qxd7 7. O-O Nc6 8. Re1 d3 9. b3 Nge7 10. Na3 Ng6 11. Nc4 b5 12. Nb2 Be7 13. a4 b4 14. Nc4 O-O 15. Bb2 bxc3 16. dxc3 Nf4 17. g3 Nh3+ 18. Kg2 Ng5 19. Nxg5 Bxg5 20. f4 Be7 21.
Re3 Rfd8 22. Nd6 Bxd6 23. Rxd3 Qb7 24. Rxd6 Rxd6 25. Qxd6 Nxe5+ 26. Kh3 Qxb3 27. Rd1 h6 28. fxe5 Qxb2 29. Qxc5 Qc2 30. Qd4 Rb8 31. Rd2 Qf5+ 32. Kg2 Rb1 33. Qd8+ Kh7 34. Qd3 Kg6 35. Qxf5+ Kxf5 36. Rd7 Rb2+ 37. Kh3 g5 38. Rxf7+ Kxe5 39. Rxa7 Rc2 40.
Rh7 Kf5 41. Rf7+ Kg6 42. Re7 h5 43. g4 Rxc3+ 44. Kg2 Kf6 45. Re8 hxg4 46. a5 Ra3 47. Ra8 Ke5 48. a6 Kf4 49. a7 Ra2+ 50. Kg1 Ke5 51.
Kh1 Ke4 52. Kg1 e5 53. Rg8 Rxa7 54. Rxg5 Kf4 55. Rg8 e4 56. Rf8+ Ke3 57. Kg2 Kd2 58. Rf4 e3 59. Rxg4 e2 60. Re4 e1=Q 61. Rxe1 Kxe1 62. Kg3 Ke2 63. Kg4 Ke3 64. Kg5 Ke4 65. h4 Ke5 66. h5 Rg7+ 67. Kh6 Rg1 68. Kh7 Kf6 69. h6 Rh1 70. Kh8 Rxh6+ 0-1

[Event "Late-Titled-Tuesday-Blitz-November-28-2023"]
[Site "Chess.com"]
[Date "2023.11.28"]
[Round "6"]
[White "ElephantChessGenius"]
[Black "Alimpic"]
[Result "1/2-1/2"]
[WhiteElo "2256"]
[BlackElo "2499"]
[TimeControl "180+1"]
[EndTime "15:06:09 PST"]
[Termination "Game drawn by repetition"]

1. e4 g6 2. d4 Bg7 3. Nc3 a6 4. Nf3 d6 5. h3 Nf6 6. Be3 b5 7. a3 Bb7 8. Bd3 O-O 9. O-O Nbd7 10. Qe2 Rc8 11. d5 c6 12. dxc6 Bxc6 13. Rad1 Qc7 14. Nd4 Nc5 15. Nxc6 Qxc6 16. Nd5 Rfe8 17. Nxf6+ Bxf6 18. Bxc5 Qxc5 19. c3 Rb8 20. Bc2 a5 21. Bb3 b4 22.
Rd5 Qb6 23. cxb4 axb4 24. a4 e6 25. Rb5 Qd4 26. Rd1 Qxb2 27. Qxb2 Bxb2 28. Rxd6 Bc3 29. Rxb8 Rxb8 30. a5 Be5 31. Rc6 Kf8 32. a6 Ke7 33. Ba4 b3 34. a7 Ra8 35. Bxb3 Rxa7 36. g3 g5 37. Kg2 Kf6 38. Bc4 Rb7 39. Bd3 Rb3 40. Bc2 Rb2 41. Rc4 h5 42. Rc8 h4 43.
g4 Bd4 44. Rc4 Ke5 45. Kf3 Bb6 46. Rc8 Ra2 47. Rc3 Bd4 48. Rc7 Ra3+ 49. Kg2 f6 50. Rc6 Ba7 51. Rc7 Bb6 52. Rc6 Ba7 53. Rc7 Ra2 54.
Rc6 Rb2 55. Rc7 Bd4 56. Rc6 Bb6 57. Rc8 Kf4 58. Rc4 e5 59. Rc6 Bd8 60. Rc8 Be7 61. Rc6 Bd8 62. Rc4 Be7 63. Rc7 Bd8 64.
Rc8 Be7 65. Rc6 Bd8 1/2-1/2